 Dungeon Crawl Stone Soup version 0.30-a0-381-g6ea064c7b4 (webtiles) character file.

Game seed: 7173921790329803501

7151 Maratek the Basher (level 11, -20/97 HPs)
             Began as a Hill Orc Monk on Dec 1, 2022.
             Was an Elder of Trog.
             Hit by a large rock thrown by a cyclops (31 damage)
             ... on level 11 of the Dungeon.
             The game lasted 00:30:33 (7542 turns).

Maratek the Basher (Hill Orc Monk)                  Turns: 7542, Time: 00:30:34

Health: -20/97     AC: 15    Str: 27    XL:     11   Next: 10%
Magic:  20/20      EV: 14    Int: 12    God:    Trog [****..]
Gold:   539        SH:  0    Dex: 19    Spells: 10/10 levels left

rFire   + . .      SeeInvis +    m - +9 mace "Homaas" {speed, *Noise rC+ Int+2}
rCold   + + +      Faith    .    q - orb {*Rage}
rNeg    . . .      Spirit   .    l - +1 ring mail of Oily Salvation {-Tele Will+ MP+9 Str+8}
rPois   .          Reflect  .    a - +2 helmet
rElec   .          Harm     .    s - scarf {rC+ rF+}
rCorr   .          Rampage  .    (no gloves)
Will    +....      Rage     20%  i - +3 pair of mountain boots {steadfast, rC+}
Stlth   ++........ NoTele   +    (no amulet)
HPRegen 0.00/turn                p - ring of see invisible
MPRegen 0.17/turn                u - +6 ring of dexterity

@: inhibited regen
A: inhibited regeneration
a: Renounce Religion, Berserk, Trog's Hand, Brothers in Arms


You were on level 11 of the Dungeon.
You worshipped Trog.
Trog was greatly pleased with you.
You visited 1 branch of the dungeon, and saw 11 of its levels.

You collected 539 gold pieces.

Inventory:

Hand Weapons
 m - the +9 mace "Homaas" (weapon) {speed, *Noise rC+ Int+2}
   (You found it on level 2 of the Dungeon)

   Attacks with this weapon are significantly faster.
   Int:       It affects your intelligence (+2).
   rC:        It protects you from cold.
   *Noise:    It may make noises in combat.
Armour
 a - a +2 helmet (worn)
 i - the +3 pair of mountain boots (worn) {steadfast, rC+}
   (You acquired it on level 8 of the Dungeon)

   It prevents involuntary movement, except for blinking, teleportation, or
   banishment.
   rC:        It protects you from cold.
 l - the +1 ring mail of Oily Salvation (worn) {-Tele Will+ MP+9 Str+8}
   (You found it on level 4 of the Dungeon)

   Str:       It affects your strength (+8).
   MP:        It affects your magic capacity (+9).
   -Tele:     It prevents most forms of teleportation.
   Will:      It increases your willpower.
 q - an orb of wrath (worn)
 s - a scarf of resistance (worn)
Jewellery
 p - a ring of see invisible (left hand)
 u - a +6 ring of dexterity (right hand)
 y - a ring of flight
Wands
 g - a wand of light (6)
 j - a wand of charming (2)
 n - a wand of flame (9)
Scrolls
 d - 6 scrolls of teleportation
 f - 6 scrolls of fog
 h - 3 scrolls of summoning
 t - a scroll of magic mapping
 v - 5 scrolls of identify
Potions
 b - a potion of resistance
 e - 4 potions of brilliance
 k - 3 potions of haste
 o - 2 potions of heal wounds
 r - 4 potions of curing


   Skills:
 + Level 9.3 Fighting
 + Level 5.4(11.0) Axes
 + Level 12.5(12.8) Maces & Flails
 + Level 7.1 Armour
 + Level 5.0 Dodging
 + Level 4.0 Stealth
 + Level 0.4 Shields


You had 10 spell levels left.
You didn't know any spells.
Your spell library was empty.

Dungeon Overview and Level Annotations

Branches:
Dungeon (11/15)            Temple (0/1) D:7             Orc (0/2) D:9
   Lair: D:8-11

Altars:
Ashenzari
Cheibriados
Dithmenos
Hepliaklqana
Kikubaaqudgha
Makhleb
Nemelex Xobeh
Qazlal
Trog
Wu Jian
Zin

Shops:
D:1 ?   D:5 :   D:7 !

Portals:
Bailey: D:10


Innate Abilities, Weirdness & Mutations

You do not regenerate when monsters are visible.


Message History

You are confused.
You feel invigorated. The two-headed ogre barely misses you.
The two-headed ogre hits you with a +0 giant club.
* * * LOW HITPOINT WARNING * * *
The two-headed ogre attacks as you move away!
The two-headed ogre misses you.
The two-headed ogre hits you with a +0 giant club!
* * * LOW HITPOINT WARNING * * *
The howler monkey hoots and howls with incredible vigour!
You hear a howl!
You are too confused!
You sock the two-headed ogre!
The two-headed ogre is moderately wounded.
The howler monkey hoots and howls with incredible vigour!
The two-headed ogre closely misses you. The two-headed ogre barely misses you.
You feel less invigorated.
You feel less confused. The two-headed ogre closely misses you.
The two-headed ogre barely misses you.
The two-headed ogre attacks as you move away!
The two-headed ogre hits you with a +0 giant club!!
* * * LOW HITPOINT WARNING * * *
The two-headed ogre barely misses you. The howler monkey misses you.
You feel yourself speed up.
You feel the effects of Trog's Hand fading.
You cannot teleport because you are wearing the +1 ring mail of Oily Salvation {-Tele Will+ MP+9 Str+8}.
The howler monkey attacks as you move away!
The howler monkey hits you but does no damage.
Your skin stops crawling.
You feel less strong-willed.
A cyclops comes into view.
Found a leather armour.
You recover from your berserk rage.
The cyclops moves out of view.
The cyclops shouts!
A red ugly thing comes into view.
The cyclops throws a large rock.
The large rock hits you!
* * * LOW HITPOINT WARNING * * *
The howler monkey hoots and howls with incredible vigour!
You hear a horrible gurgling sound!
You hear an angry hiss.
The cyclops throws a large rock.
The large rock hits you!!
You die...

#..##...# #...#
....# .. ##h.##
#...# #..... ....
#.h.###...#
#.....
.....##..O......#
...##.
.....#......###
#.[.....##.#
.##......# .#
.........## #
........@#
...........#
...........#
.C...........
u..........##.
..........# ..
..........# .
...........


You could see a two-headed ogre, a cyclops and 2 howler monkeys.

Vanquished Creatures
  Maurice (D:9)
  Joseph (D:8)
  A gargoyle (D:11)
  An unseen horror zombie (D:8)
  A troll (D:9)
  2 hornets (D:9)
  A wyvern (D:9)
  A vampire (D:7)
  A basilisk (D:9)
  11 yaks (D:9)
  Eustachio (D:5)
  6 orc warriors
  An ice beast (D:7)
  An ogre (D:5)
  A black bear (D:5)
  A centaur (D:7)
  3 phantoms
  2 kobold brigands
  2 necrophages
  2 scorpions
  A bullfrog (D:6)
  5 killer bees (D:9)
  A howler monkey (D:8)
  9 orc priests
  A gnoll bouda (D:7)
  Jessica (D:2)
  16 orc wizards
  3 iguanas
  7 gnolls
  3 adders
  2 shadow imps
  A white imp (D:7)
  2 ufetubi
  5 worms
  2 dart slugs
  39 orcs
  An endoplasm (D:4)
  A giant cockroach (D:3)
  6 goblins
  7 hobgoblins
  11 kobolds
  2 quokkas
  8 ball pythons
  4 bats
  3 frilled lizards
  5 rats
187 creatures vanquished.

Vanquished Creatures (collateral kills)
  2 orc warriors (D:9)
  3 orc priests (D:9)
  2 orc wizards (D:9)
  3 orcs (D:9)
10 creatures vanquished.

Vanquished Creatures (others)
  A human (D:8)
1 creature vanquished.

Grand Total: 198 creatures vanquished

Notes
Turn   | Place    | Note
-------+----------+-------------------------------------------
     0 | D:1      | Maratek the Hill Orc Monk began the quest for the Orb.
     0 | D:1      | Reached XP level 1. HP: 19/19 MP: 1/1
   223 | D:1      | Reached XP level 2. HP: 15/27 MP: 2/2
   461 | D:1      | Found a faded altar of an unknown god.
   478 | D:1      | Prayed at the altar of an unknown god.
   478 | D:1      | Became a worshipper of Trog the Wrathful
   478 | D:1      | Reached * piety under Trog
   478 | D:1      | Reached ** piety under Trog
   564 | D:1      | Reached XP level 3. HP: 17/33 MP: 3/3
   716 | D:1      | Found Keon Lai's Magic Scroll Shop.
  1112 | D:2      | Noticed Jessica
  1118 | D:2      | Killed Jessica
  1119 | D:2      | Reached XP level 4. HP: 41/41 MP: 4/4
  1195 | D:2      | Reached skill level 5 in Axes
  1359 | D:2      | Identified the +9 mace "Homaas" {speed, *Noise rC+ Int+2}
  1615 | D:2      | Reached *** piety under Trog
  1650 | D:2      | Found a stormy altar of Qazlal.
  1941 | D:3      | Found a shadowy altar of Dithmenos.
  2210 | D:3      | Found an ornate altar of the Wu Jian Council.
  2706 | D:4      | Noticed a necrophage
  2708 | D:4      | Identified the +1 ring mail of Oily Salvation {-Tele Will+
                  | MP+9 Str+8}
  2718 | D:4      | Killed a necrophage
  2719 | D:4      | Reached skill level 1 in Maces & Flails
  2719 | D:4      | Reached XP level 5. HP: 47/47 MP: 5/5
  2908 | D:4      | Reached skill level 5 in Fighting
  2908 | D:4      | Reached skill level 2 in Maces & Flails
  2908 | D:4      | Reached XP level 6. HP: 51/56 MP: 6/6
  3066 | D:5      | Entered Level 5 of the Dungeon
  3089 | D:5      | Found Nuishruacsy's Tremendous Tomes.
  3182 | D:5      | Noticed a black bear
  3191 | D:5      | Killed a black bear
  3192 | D:5      | Reached skill level 3 in Maces & Flails
  3198 | D:5      | Reached XP level 7. HP: 36/61 MP: 7/7
  3221 | D:5      | Gained mutation: Your body sometimes deteriorates upon
                  | taking damage. [potion of mutation]
  3221 | D:5      | Gained mutation: Your skin changes colour to match your
                  | surroundings (Stealth+). [potion of mutation]
  3224 | D:5      | Reached skill level 1 in Armour
  3241 | D:5      | Reached skill level 4 in Maces & Flails
  3450 | D:5      | Identified the +4 scale mail "Bollum" {Str+2}
  3660 | D:5      | Noticed Eustachio
  3672 | D:5      | Killed Eustachio
  3673 | D:5      | Reached skill level 5 in Maces & Flails
  3800 | D:5      | Reached XP level 8. HP: 70/70 MP: 8/8
  3923 | D:6      | Reached skill level 6 in Maces & Flails
  4556 | D:7      | Reached skill level 7 in Maces & Flails
  4636 | D:7      | Noticed a vampire
  4662 | D:7      | Found a hazy altar of Hepliaklqana.
  4679 | D:7      | Killed a vampire
  4680 | D:7      | Reached XP level 9. HP: 77/77 MP: 9/9
  4714 | D:7      | Found a glowing silver altar of Zin.
  4757 | D:7      | Reached **** piety under Trog
  4759 | D:7      | Found Ripnaile's Distillery.
  4846 | D:7      | Reached skill level 5 in Armour
  4939 | D:7      | Reached skill level 8 in Maces & Flails
  5084 | D:7      | Found a staircase to the Ecumenical Temple.
  5190 | D:7      | Found a broken altar of Ashenzari.
  5216 | D:8      | Noticed Joseph
  5544 | D:8      | Killed Joseph
  5553 | D:8      | Reached skill level 9 in Maces & Flails
  5708 | D:8      | Identified a scroll of acquirement
  5708 | D:8      | Acquired the +3 pair of mountain boots {steadfast, rC+}
  5708 | D:8      | Found the +3 pair of mountain boots {steadfast, rC+}
  5846 | D:8      | Found an ancient bone altar of Kikubaaqudgha.
  5881 | D:8      | Found a sparkling altar of Nemelex Xobeh.
  5919 | D:8      | Found a snail-covered altar of Cheibriados.
  6038 | D:9      | Noticed a hornet
  6041 | D:9      | Noticed a hornet
  6046 | D:9      | Killed a hornet
  6054 | D:9      | Killed a hornet
  6077 | D:9      | Reached XP level 10. HP: 66/86 MP: 10/10
  6142 | D:9      | Reached skill level 10 in Maces & Flails
  6321 | D:9      | Reached skill level 11 in Maces & Flails
  6562 | D:9      | Found a staircase to the Orcish Mines.
  6650 | D:9      | Found a burning altar of Makhleb.
  6988 | D:8      | Reached skill level 12 in Maces & Flails
  7035 | D:9      | Lost mutation: Your skin changes colour to match your
                  | surroundings (Stealth+). [potion of mutation]
  7035 | D:9      | Lost mutation: Your body sometimes deteriorates upon taking
                  | damage. [potion of mutation]
  7035 | D:9      | Gained mutation: You do not regenerate when monsters are
                  | visible. [potion of mutation]
  7142 | D:9      | Reached XP level 11. HP: 97/97 MP: 11/11
  7373 | D:9      | Noticed Maurice
  7383 | D:9      | Killed Maurice
  7384 | D:9      | Reached skill level 5 in Dodging
  7469 | D:10     | Entered Level 10 of the Dungeon
  7470 | D:10     | Found a flagged portal.
  7510 | D:11     | Noticed a two-headed ogre
  7522 | D:11     | HP: 1/97 [two-headed ogre/+0 giant club (9)]
  7537 | D:11     | Noticed a cyclops
  7539 | D:11     | Noticed a red ugly thing
  7542 | D:11     | Hit by a large rock thrown by a cyclops

Illustrated notes

Levels and vault maps discovered:
D:1:      dpeg_arrival_rhombi, layout_loops_ring, serial_shops, shop,
          hellmonk_ecumenical_altar_prayer_group, dk_noncrumbling_3
D:2:      layout_loops_ring, basic_altar, uniq_jessica
D:3:      layout_loops_cross, nicolae_dithmenos_through_a_glass_darkly,
          marbit_many_paths, grunt_decor_mini_mirrors
D:4:      layout_basic, serial_curves, eino_curves_04, eino_curves_02
D:5:      layout_loops_ring, nicolae_shop_i_like_big_books, uniq_eustachio
D:6:      layout_gridville
D:7:      layout_gridville, mainiacjoe_overflow_catwalk,
          mainiacjoe_overflow_swirl, minmay_temple_entry_large_hall,
          serial_shops, shop, hangedman_decor_clover_reticule
D:8:      layout_basic, lemuel_mausoleum_altar_yredelemnul,
          mainiacjoe_overflow_concentric_impassable, tgw_kikubaaqudgha,
          nemelex_altar_shiori, uniq_joseph
D:9:      layout_long_grid, bloody_makhleb, david_orc_4, uniq_maurice
D:10:     due_megacathedral, layout_cave_pools, ebering_ghost_inner_flame,
          enter_bailey_6, roderic_batcave, nicolae_twisting_strands,
          uniq_erolcha, uniq_psyche
D:11:     layout_layer_cave, lair_entry_dummy

Skill      XL: |  1  2  3  4  5  6  7  8  9 10 11 |
---------------+----------------------------------+-----
Fighting       | 4 5 6 7 9 |  9.3
Axes           | 5 |  5.4
Dodging        | 3 4 5 |  5.0
Maces & Flails | 1 2 3 5 7 9 12 | 12.5
Stealth        | 2 3 4 |  4.0
Armour         | 2 4 6 7 |  7.1
Shields        | |  0.4

Action                   |  1- 3 |  4- 6 |  7- 9 | 10-12 || total
-------------------------+-------+-------+-------+-------++-------
Melee: Hand axe          |    61 |    23 |       |       ||    84
       Mace              |       |    84 |   225 |   155 ||   464
Invok: Berserk           |     1 |     1 |     3 |       ||     5
       Trog's Hand       |       |       |     1 |     2 ||     3
       Brothers in Arms  |       |       |       |     2 ||     2
  Use: Potion            |       |     4 |     5 |     2 ||    11
       Scroll            |       |     4 |     9 |     1 ||    14
 Stab: Sleeping          |     2 |     2 |     1 |       ||     5
Armor: Robe              |     7 |    11 |       |       ||    18
       Ring mail         |       |     6 |    58 |    41 ||   105
Dodge: Dodged            |    43 |    59 |   113 |    72 ||   287
Block: Kite shield       |       |     6 |       |       ||     6

Table legend: (Time is in decaauts)
 A = Elapsed time spent in this place.
 B = Non-inter-level travel time spent in this place.
 C = Inter-level travel time spent in this place.
 D = Time resting spent in this place.
 E = Time spent auto-exploring this place.
 F = Levels seen in this place.
 G = Mean time per level.
                   A        B        C        D        E       F      G
               +--------+--------+--------+--------+--------+-----+--------+
         Total |   7714 |   7714 |      0 |      0 |   4941 |  11 |  701.3 |
       Dungeon |   7714 |   7714 |      0 |      0 |   4941 |  11 |  701.3 |
               +--------+--------+--------+--------+--------+-----+--------+

Top non-repeatable levels by time:
     D:9: 1112 daAuts
     D:8: 998 daAuts
     D:2: 975 daAuts
     D:1: 961 daAuts
     D:7: 869 daAuts
     D:5: 843 daAuts
     D:3: 772 daAuts
     D:6: 728 daAuts
     D:4: 380 daAuts
    D:11: 63 daAuts
    D:10: 8 daAuts
